 Dungeon Crawl Stone Soup version 0.30-a0-330-g8f2769a82d (webtiles) character file.

Game seed: 5690034270747378403

19924 Engwar the Transmogrifier (level 12, -1/88 HPs)
             Began as an Octopode Transmuter on Oct 29, 2022.
             Was an Elder of Ru.
             Killed from afar by a lindwurm (60 damage)
             ... with a blast of flame
             ... on level 1 of the Lair of Beasts.
             The game lasted 00:48:46 (12721 turns).

Engwar the Transmogrifier (Octopode Transmuter)    Turns: 12721, Time: 00:48:47

Health: -1/88      AC: 13    Str: 10    XL:     12   Next: 74%
Magic:  13/18      EV: 12    Int: 19    God:    Ru [****..]
Gold:   271        SH:  0    Dex: 19    Spells: 3/19 levels left

rFire   x . .      SeeInvis .      - Unarmed
rCold   + + +      Faith    .    (shield currently unavailable)
rNeg    . . .      Spirit   .    (helmet currently unavailable)
rPois   +          Reflect  .    n - amulet of regeneration
rElec   .          Harm     .    b - ring of protection from fire
rCorr   .          Rampage  .    r - +4 ring of protection
Will    +....                    w - ring of protection from cold
Stlth   +++.......               x - +6 ring of dexterity
HPRegen 1.14/turn                y - ring of willpower
MPRegen 0.16/turn                (no ring)
                                 (no ring)
                                 (no ring)

@: ice-form
A: freezing attack, boosted hp, almost no armour, amphibious, 8 rings, large,
(camouflage 1), (gelatinous body 1), inability to use devices, temperature
sensitive, (nimble swimmer 1), (tentacles)
a: End Transformation, Renounce Religion, Draw Out Power, Power Leap


You were on level 1 of the Lair of Beasts.
You worshipped Ru.
Ru was greatly pleased with you.
You were a creature of crystalline ice.
You visited 3 branches of the dungeon, and saw 13 of its levels.
You also visited: Ossuary.

You collected 752 gold pieces.
You spent 481 gold pieces at shops.

Inventory:

Missiles
 h - 52 poisoned darts
 l - 2 throwing nets
Armour
 k - a +1 kite shield (melded)
 s - a +0 hat of see invisible (melded)
Jewellery
 b - a ring of protection from fire (left front paw)
 n - an amulet of regeneration (around neck)
 r - a +4 ring of protection (right front paw)
 w - a ring of protection from cold (on tentacle)
 x - a +6 ring of dexterity (on tentacle)
 y - a ring of willpower (on tentacle)
Scrolls
 c - 2 scrolls of fear
 m - 5 scrolls of identify
 o - a scroll of blinking
 A - 2 scrolls of teleportation
Potions
 a - 9 potions of lignification
 d - 3 potions of cancellation
 e - 6 potions of might
 f - 5 potions of haste
 g - 3 potions of curing
 i - 3 potions of flight
 p - a potion of magic
 t - 3 potions of mutation
 u - a potion of attraction
 v - a potion of brilliance


   Skills:
 - Level 4.0 Fighting
 - Level 4.0 Dodging
 - Level 3.0 Stealth
 - Level 8.9 Shields
 - Level 8.0 Unarmed Combat
 - Level 4.0 Spellcasting
 + Level 13.8 Transmutations
 - Level 6.0 Ice Magic
 + Level 3.7 Earth Magic
 - Level 4.0 Poison Magic


You had 3 spell levels left.
You knew the following spells:

 Your Spells              Type           Power      Damage    Failure   Level
a - Beastly Appendage     Tmut           100%       N/A       1%          1
b - Wereblood             Tmut           54%        N/A       1%          2
c - Spider Form           Tmut/Pois      37%        N/A       1%          3
d - Ice Form              Ice/Tmut       41%        N/A       2%          4
e - Statue Form           Tmut/Erth      24%        N/A       50%         6

Your spell library contained the following spells:

 Spells                   Type           Power      Damage    Failure   Level
 Ozocubu's Armour         Ice            26%        N/A       3%          3
 Necrotise                Necr           12%        1d4       14%         1
 Summon Guardian Golem    Hex/Summ       3%         N/A       38%         3
 Vampiric Draining        Necr           3%         2d6       38%         3
 Petrify                  Tmut/Erth      37%        N/A       3%          4
 Metabolic Englaciation   Hex/Ice        7%         N/A       73%         5
 Agony                    Necr           3%         N/A       98%         5
 Orb of Destruction       Conj           1%         9d5       100%        7
 Ozocubu's Refrigeration  Ice            13%        4d10      100%        7
 Spellforged Servitor     Conj/Summ      1%         N/A       100%        7
 Borgnjor's Revivificati  Necr           1%         N/A       100%        8
 Necromutation            Tmut/Necr      15%        N/A       100%        8
 Death's Door             Necr           1%         N/A       100%        9


Dungeon Overview and Level Annotations

Branches:
Dungeon (11/15)            Temple (1/1) D:7            Lair (1/5) D:11
    Orc (0/2) D:9         Ossuary (visited)

Altars:
Ashenzari
Cheibriados
Dithmenos
Elyvilon
Fedhas
Gozag
Hepliaklqana
Kikubaaqudgha
Makhleb
Nemelex Xobeh
Okawaru
Qazlal
Ru
Sif Muna
Trog
Uskayaw
Vehumet
Wu Jian
Xom
Yredelemnul
Zin
The Shining One

Shops:
D:3 [   D:10 :

Annotations:
D:3 exclusion: ice beast
D:6 Maggie
D:8 Amaemon


Innate Abilities, Weirdness & Mutations

You are a creature of crystalline ice.
You have a powerful freezing melee attack.
Your maximum health is increased.
Your armour is entirely melded.
You are incapable of wielding weapons or throwing items.
You cannot wear most types of armour.
You are amphibious.
You can wear up to eight rings at the same time.
((Your skin changes colour to match your surroundings (Stealth+).))
((Your rubbery body absorbs attacks. (AC +1, EV +1)))
You cannot study or use magical devices.
You are sensitive to extremes of temperature. (rF-, rC-)
((You are camouflaged when in or above water. (Stealth+)))
((You have tentacles for arms and can constrict up to eight enemies at once.))


Message History

You hit the lindwurm.
The lindwurm is poisoned.
The lindwurm is lightly wounded.
The lindwurm bites you! The lindwurm completely misses you.
The lindwurm misses you.
You hit the lindwurm.
The lindwurm looks as sick as possible!
The lindwurm is lightly wounded.
A cane toad comes into view.
The cane toad croaks.
You hit the lindwurm.
The lindwurm looks as sick as possible!
The lindwurm is lightly wounded.
The lindwurm closely misses you. The lindwurm completely misses you.
The lindwurm claws you.
You bite the lindwurm!
The lindwurm looks as sick as possible!
The lindwurm is heavily wounded.
The lindwurm barely misses you. The lindwurm claws you.
You focus your inner power and illuminate the lindwurm in retribution!
The lindwurm closely misses you.
A komodo dragon comes into view.
The lindwurm attacks as you move away! The lindwurm misses you.
The lindwurm completely misses you. The lindwurm closely misses you.
Your transformation is almost over.
You see here a +0 chain mail.
The lindwurm attacks as you move away!
You redirect the lindwurm's attack!
The lindwurm bites itself but does no damage.
The lindwurm claws itself. x2
Casting: Spider Form (dangerous; 5% risk of failure)
Confirm with . or Enter, or press ? or * to list all spells.
Your transformation has ended.
Your +0 hat of see invisible unmelds from your body.
Your +1 kite shield unmelds from your body.
You feel perceptive.
You turn into a creature of crystalline ice.
Your +0 hat of see invisible melds into your body.
Your +1 kite shield melds into your body.
You feel less perceptive. The lindwurm breathes flames at you.
The blast of flame hits you!!! The fire burns you terribly!
Ouch! That really hurt!
You die...

...#Y#.#Y..,,,,,####.#...#.## ##.
...YY.....................#### ##
.♣.#.##........#######.....#.###.
♣♣♣####........# #P.P##.###.# *
#........# ##.###..#.#. ***
*#........# ###.###.#.... ,,*
*...P.....# ###.....######.
,,*****#.......####.#...#.#.8..#.
,,,,** ♣....†.FkY........#...^.#.
,,,,,**#..###.###.###.....8.>.8##
,,,,,**,,,* ### ### #..........##
~~,,,,,,*,* ##P..##...###
~~~,,,,**,* #######.####
~~~~,,,,,,* ##.....## ~~~~,,,,,,*
####...8...# ~~~~,,,,,,*
##.#......... ~~~~,,,,,,*
#.#..8..>..8.


You could see a lindwurm (extremely poisoned, catching breath, corona) and a
cane toad.

Vanquished Creatures
  Gastronok (Lair:1)
  An ice dragon (D:10)
  2 centaur warriors (D:9)
  2 two-headed ogres
  A glowing orange brain (shapeshifter) (D:9)
  A wolf spider (D:9)
  3 cyclopes
  A black mamba (Lair:1)
  9 elephants (Lair:1)
  An unseen horror zombie (D:9)
  4 komodo dragons
  A troll (D:11)
  A polar bear (shapeshifter) (D:11)
  A polar bear (Lair:1)
  A shadow (D:10)
  3 wraiths
  4 wyverns
  5 yaks (D:9)
  A steam dragon (D:8)
  Grum (D:9)
  Edmund (D:5)
  An acid dragon (D:9)
  4 water moccasins
  4 orc warriors (D:9)
  2 black bears
  A sky beast (D:7)
  4 wolves (D:9)
  4 ogres
  5 centaurs
  A phantom (D:7)
  4 kobold brigands
  2 bullfrogs
  2 necrophages (D:9)
  An elf zombie (Ossuary)
  A gnoll sergeant (D:9)
  4 scorpions
  3 wights (D:9)
  14 killer bees
  2 vampire bats (D:9)
  13 howler monkeys
  4 centaur zombies
  3 human zombies
  5 hounds
  7 orc priests
  2 jellies
  An iguana (D:6)
  9 orc wizards
  Natasha (thrice) (D:2)
  5 mummies
  9 gnolls
  2 howler monkey zombies (D:9)
  9 adders
  3 shadow imps
  3 ufetubi
  4 adder zombies (Ossuary)
  2 worms
  4 dart slugs
  16 orcs
  5 endoplasms
  2 giant cockroaches (D:1)
  A gnoll zombie (D:6)
  6 goblins
  13 hobgoblins
  4 quokkas
  6 ball pythons
  8 bats
  5 frilled lizards
  A goblin zombie (Ossuary)
  5 hobgoblin zombies (Ossuary)
  15 kobolds
  10 kobold zombies (Ossuary)
  9 orc zombies (Ossuary)
  5 rats
  A rat zombie (Ossuary)
304 creatures vanquished.

Vanquished Creatures (others)
  A hydra (Lair:1)
  An elephant (Lair:1)
  A bullfrog (Lair:1)
  An orc (D:9)
  12 fungi (Lair:1)
  29 plants
  10 toadstools (Lair:1)
55 creatures vanquished.

Grand Total: 359 creatures vanquished

Notes
Turn   | Place    | Note
-------+----------+-------------------------------------------
     0 | D:1      | Engwar the Octopode Transmuter began the quest for the Orb.
     0 | D:1      | Reached XP level 1. HP: 13/13 MP: 3/3
    75 | D:1      | Reached skill level 1 in Stealth
   131 | D:1      | Reached XP level 2. HP: 2/18 MP: 1/5
   136 | D:1      | Learned a level 2 spell: Wereblood
   690 | D:1      | Reached XP level 3. HP: 16/23 MP: 6/6
   694 | D:1      | Learned a level 3 spell: Spider Form
  1523 | D:2      | Noticed Natasha
  1541 | D:2      | Killed Natasha
  1542 | D:2      | Reached skill level 1 in Poison Magic
  1542 | D:2      | Reached XP level 4. HP: 17/28 MP: 7/7
  1654 | D:2      | Noticed Natasha
  1664 | D:2      | Killed Natasha
  1665 | D:2      | Reached skill level 3 in Transmutations
  1756 | D:2      | Reached XP level 5. HP: 20/33 MP: 6/8
  1914 | D:2      | Noticed Natasha
  1930 | D:2      | Killed Natasha
  2006 | D:3      | Found a stormy altar of Qazlal.
  2010 | D:3      | Found an opulent altar of Gozag.
  2119 | D:3      | Noticed an ice beast
  2270 | D:3      | Found Geoboss's Armour Boutique.
  2278 | D:3      | Bought a +0 kite shield for 49 gold pieces
  2658 | D:3      | Reached XP level 6. HP: 22/38 MP: 5/9
  3354 | D:4      | Reached skill level 4 in Transmutations
  3568 | D:5      | Entered Level 5 of the Dungeon
  3568 | D:5      | Noticed Edmund
  3721 | D:5      | Noticed a black bear
  3746 | D:5      | Killed a black bear
  3747 | D:5      | Reached skill level 5 in Unarmed Combat
  3747 | D:5      | Reached XP level 7. HP: 5/43 MP: 7/10
  3765 | D:4      | Learned a level 4 spell: Ice Form
  3856 | D:5      | Found a sparkling altar of Nemelex Xobeh.
  3869 | D:5      | Reached skill level 1 in Shields
  3979 | D:5      | Killed Edmund
  4159 | D:5      | Reached XP level 8. HP: 27/51 MP: 11/11
  4372 | D:5      | Found a hide-covered altar of Uskayaw.
  4566 | D:6      | Found a sand-covered staircase.
  4613 | Ossuary  | Entered an ossuary
  5081 | D:6      | Reached skill level 5 in Transmutations
  5081 | D:6      | Reached skill level 1 in Ice Magic
  5245 | D:6      | Found a broken altar of Ashenzari.
  5250 | D:6      | Noticed Maggie
  5269 | D:6      | Found a shimmering altar of Xom.
  5482 | D:6      | Reached XP level 9. HP: 17/58 MP: 10/12
  6484 | D:7      | Reached skill level 6 in Transmutations
  6624 | D:7      | Found a staircase to the Ecumenical Temple.
  6632 | Temple   | Entered the Ecumenical Temple
  6681 | Temple   | Became a worshipper of Ru the Awakened
  7273 | D:8      | Noticed Amaemon
  7342 | D:8      | Reached skill level 7 in Transmutations
  7429 | D:8      | Reached skill level 5 in Ice Magic
  8010 | D:8      | Noticed an orange demon
  8216 | D:9      | Gained mutation: You are sensitive to extremes of
                  | temperature. (rF-, rC-) [Ru sacrifice]
  8216 | D:9      | Reached * piety under Ru
  8216 | D:9      | Reached ** piety under Ru
  8477 | D:9      | Reached skill level 8 in Transmutations
  8477 | D:9      | Reached XP level 10. HP: 63/63 MP: 13/13
  8688 | D:9      | Found an ancient bone altar of Kikubaaqudgha.
  8748 | D:9      | Reached skill level 5 in Shields
  8837 | D:9      | Noticed a centaur warrior
  8852 | D:9      | Reached skill level 9 in Transmutations
  8858 | D:9      | Noticed a cyclops
  8864 | D:9      | Killed a centaur warrior
  8864 | D:9      | Noticed a centaur warrior
  8868 | D:9      | Killed a cyclops
  8873 | D:9      | Killed a centaur warrior
  8874 | D:9      | Reached XP level 11. HP: 29/69 MP: 11/14
  8915 | D:9      | Noticed a cyclops
  8916 | D:9      | Noticed a wolf spider
  8922 | D:9      | Killed a cyclops
  8931 | D:9      | Killed a wolf spider
  8932 | D:9      | Reached skill level 10 in Transmutations
  9252 | D:9      | Found a staircase to the Orcish Mines.
  9421 | D:9      | Noticed Grum
  9443 | D:9      | Killed Grum
  9596 | D:9      | Noticed a deep troll
  9604 | D:9      | a deep troll changed into an elephant
  9610 | D:9      | an elephant changed into a glowing orange brain
  9610 | D:9      | Noticed a glowing orange brain (shapeshifter)
  9614 | D:9      | Killed a glowing orange brain
  9720 | D:9      | Found a blossoming altar of Fedhas.
 10057 | D:10     | Entered Level 10 of the Dungeon
 10082 | D:10     | Noticed a two-headed ogre
 10088 | D:10     | Killed a two-headed ogre
 10137 | D:10     | Reached skill level 11 in Transmutations
 10339 | D:10     | Noticed an ice dragon
 10355 | D:10     | Killed an ice dragon
 10419 | D:10     | Gained mutation: You cannot study or use magical devices.
                  | [Ru sacrifice]
 10419 | D:10     | Reached *** piety under Ru
 10419 | D:10     | Reached **** piety under Ru
 10746 | D:10     | Found Ningap's Book Boutique.
 10758 | D:10     | Bought a book of Sloth for 432 gold pieces
 11077 | D:11     | Noticed a two-headed ogre
 11082 | D:11     | Killed a two-headed ogre
 11266 | D:11     | Found a staircase to the Lair.
 11275 | D:11     | Reached skill level 12 in Transmutations
 11361 | D:11     | Reached XP level 12. HP: 74/74 MP: 10/15
 11872 | Lair:1   | Entered Level 1 of the Lair of Beasts
 11889 | Lair:1   | Noticed a five-headed hydra
 11944 | Lair:1   | Killed a five-headed hydra
 12017 | Lair:1   | Reached skill level 13 in Transmutations
 12249 | Lair:1   | Learned a level 6 spell: Statue Form
 12388 | Lair:1   | Reached skill level 1 in Earth Magic
 12485 | Lair:1   | Noticed Gastronok
 12519 | Lair:1   | Killed Gastronok
 12721 | Lair:1   | Killed from afar by a lindwurm

Illustrated notes

Levels and vault maps discovered:
D:1:      matt_arrival_spirals, layout_loops_ring
D:2:      layout_basic, minmay_ruptured, uniq_natasha
D:3:      layout_basic, chequers_temple_overflow_statue_of_worship,
          serial_shops, shop, hex_intersection
D:4:      layout_loops_ring
D:5:      layout_cave_pools, mainiacjoe_overflow_concentric_impassable,
          mainiacjoe_overflow_six_doors_small, uniq_edmund
D:6:      layout_loops_corners, mainiacjoe_overflow_alcove_4,
          ashenzari_conservatory_becter, enter_ossuary_3, uniq_maggie
D:7:      layout_basic, minmay_temple_entry_metal_lava
D:8:      layout_loops_corners, uniq_amaemon
D:9:      nzn_winding_woodlands_cross
          [nzn_winding_woodlands_5x15_pathside_ponds,
          nzn_winding_woodlands_5x15_default, nzn_winding_woodlands_5x15_eye,
          nzn_winding_woodlands_5x15_crooked,
          nzn_winding_woodlands_15x15_thick_spiral], layout_basic,
          mainiacjoe_overflow_alcove_2, lemuel_mausoleum_altar_kikubaaqudgha,
          orc_0_dummy, roderic_batcave, uniq_grum
D:10:     dragon1_lemuel, layout_gridville, serial_shops, nicolae_shop_trees,
          bh_walls_and_bars
D:11:     layout_loops_ring, david_lair_shrubbed
Temple:   nicolae_temple_ecumenical_triangle
Lair:1:   gammafunk_lair_enchanted_lake, layout_loops_ring, grunt_megastairs_3,
          lemuel_fruit_fields, uniq_gastronok, uniq_urug

Skill      XL: |  1  2  3  4  5  6  7  8  9 10 11 12 |
---------------+-------------------------------------+-----
Stealth        | 1 2 3 |  3.0
Poison Magic   | 1 2 3 4 |  4.0
Transmutations | 3 4 5 8 9 12 13 | 13.8
Unarmed Combat | 4 5 6 7 8 |  8.0
Shields        | 2 4 6 8 |  8.9
Fighting       | 2 4 |  4.0
Dodging        | 3 4 |  4.0
Ice Magic      | 2 6 |  6.0
Spellcasting   | 4 |  4.0
Earth Magic    | 3 |  3.7

Action                   |  1- 3 |  4- 6 |  7- 9 | 10-12 || total
-------------------------+-------+-------+-------+-------++-------
Melee: Unarmed           |    85 |   119 |   355 |   498 ||  1057
       Constrict         |    24 |    24 |    66 |     5 ||   119
       Tentacles         |    18 |    18 |    80 |     6 ||   122
       Punch             |     4 |     2 |    22 |     1 ||    29
       Kick              |    10 |    14 |    86 |       ||   110
 Cast: Beastly Appendage |     7 |    12 |    31 |     2 ||    52
       Spider Form       |       |     4 |     9 |     1 ||    14
       Wereblood         |       |     4 |     9 |     5 ||    18
       Ice Form          |       |       |     2 |    33 ||    35
Invok: Sacrifice Resista |       |       |     1 |       ||     1
       Sacrifice Artific |       |       |       |     1 ||     1
 Abil: End Transformatio |       |       |       |     1 ||     1
  Use: Scroll            |     4 |     4 |     9 |     3 ||    20
       Potion            |       |     1 |     2 |     4 ||     7
 Stab: Sleeping          |     5 |     8 |    10 |     5 ||    28
       Distracted        |       |     1 |       |     1 ||     2
       Invisible         |       |       |       |     6 ||     6
Armor: Skin              |     4 |     5 |    47 |   211 ||   267
Dodge: Dodged            |    53 |    77 |   245 |   265 ||   640
Block: Kite shield       |       |       |       |    16 ||    16

Table legend: (Time is in decaauts)
 A = Elapsed time spent in this place.
 B = Non-inter-level travel time spent in this place.
 C = Inter-level travel time spent in this place.
 D = Time resting spent in this place.
 E = Time spent auto-exploring this place.
 F = Levels seen in this place.
 G = Mean time per level.
                   A        B        C        D        E       F      G
               +--------+--------+--------+--------+--------+-----+--------+
         Total |  12596 |  12237 |    359 |   1905 |   7312 |  14 |  899.7 |
       Dungeon |  11339 |  11009 |    330 |   1658 |   6957 |  11 | 1030.8 |
        Temple |     66 |     38 |     28 |      0 |     30 |   1 |   66.0 |
          Lair |    800 |    800 |      0 |    147 |    325 |   1 |  800.0 |
       Ossuary |    389 |    389 |      0 |    100 |      0 |   1 |  389.0 |
               +--------+--------+--------+--------+--------+-----+--------+

Top non-repeatable levels by time:
     D:9: 1811 daAuts
     D:6: 1236 daAuts
     D:2: 1079 daAuts
     D:7: 1020 daAuts
     D:5: 955 daAuts
     D:1: 930 daAuts
    D:10: 922 daAuts
    D:11: 915 daAuts
     D:4: 889 daAuts
     D:8: 857 daAuts
  Lair:1: 800 daAuts
     D:3: 722 daAuts
 Ossuary: 389 daAuts
  Temple: 66 daAuts
